 Dungeon Crawl Stone Soup version 0.29-a0-356-g7bc237e783 (webtiles) character file.

Game seed: 9916324653442430715

25 NinjaNoafa the Magician (level 3, 27/27 HPs)
             Began as a Djinni Fire Elementalist on Apr 27, 2022.
             Quit the game on level 1 of the Dungeon.
             The game lasted 00:03:49 (1287 turns).

NinjaNoafa the Magician (Djinni Fire Elementalist)  Turns: 1287, Time: 00:03:50

Health: 27/27      AC:  3    Str:  7    XL:     3   Next: 17%
Gold:   32         EV: 12    Int: 18    God:
                   SH:  0    Dex: 13

rFire   + + .      SeeInvis .   d - +0 whip
rCold   x . .      Faith    .   (no shield)
rNeg    . . .      Spirit   .   a - +0 robe
rPois   ∞          Reflect  .   (no helmet)
rElec   .          Harm     .   (no cloak)
rCorr   .          Rampage  .   b - +0 pair of gloves
Will    .....                   (boots unavailable)
Stlth   ++........              (no amulet)
HPRegen 0.09/turn               (no ring)
MPRegen 0.00/turn               (no ring)

@: flying
A: sickness immunity, fire resistance 2, cold vulnerability 1, float, innate
caster, HP casting, extra vitality 1
a: no special abilities


You were on level 1 of the Dungeon.
You visited 1 branch of the dungeon, and saw 1 of its levels.

You collected 32 gold pieces.

Inventory:

Hand Weapons
 d - a +0 whip (weapon)
Armour
 a - a +0 robe (worn)
 b - a +0 pair of gloves (worn)
Scrolls
 c - a scroll of identify {unknown}
 f - a scroll of fear {unknown}
Potions
 e - a potion of heal wounds {unknown}
 g - a potion of attraction {unknown}


   Skills:
 + Level 1.0 Fighting
 + Level 2.6 Dodging
 - Level 1.5 Stealth
 * Level 2.9 Spellcasting


You couldn't memorise any spells.
You knew the following spells:

 Your Spells              Type           Power      Damage    Failure   Level
a - Foxfire               Conj/Fire      52%        2x1d6     4%          1
b - Scorch                Fire           26%        2d6       8%          2
c - Conjure Flame         Conj/Fire      13%        6-21      16%         3
d - Inner Flame           Hex/Fire       13%        N/A       16%         3
e - Flame Wave            Conj/Fire      13%        2d6       45%         4
f - Sting                 Tmut/Pois      52%        1d5       4%          1
Your spell library was empty.

Dungeon Overview and Level Annotations

Branches:
Dungeon (1/15)

Altars:

Shops:
D:1 [


Innate Abilities, Weirdness & Mutations

You are immune to sickness and miasma.
You are immune to poison.
Your flesh is very heat resistant. (rF++)
You are vulnerable to cold. (rC-)
You float through the air rather than walking.
You learn spells naturally, not from books.
Your magical power is your life essence.
You have superior vitality. (+4 MHP)


Message History

Your foxfire dissipates!
Your foxfire dissipates!
Your foxfire dissipates! x2
HP restored.
A quokka comes into view.
Found a scroll labelled IPNIPR PEODAMN and a silvery potion.
You conjure some foxfire!
The foxfire hits the quokka.
The quokka is moderately wounded.
You conjure some foxfire!
The foxfire hits the quokka but does no damage.
The quokka is moderately wounded.
You conjure some foxfire!
The quokka bites you.
The foxfire hits the quokka.
The quokka is almost dead.
The foxfire hits the quokka.
You kill the quokka!
Your foxfire dissipates! x2
Key pressed, stopping explore.
The ball python hisses angrily.
A ball python is nearby!
You conjure some foxfire!
You conjure some foxfire!
The foxfire hits the ball python.
The ball python is severely wounded.
The foxfire hits the ball python.
You kill the ball python!
You conjure some foxfire!
Your foxfire dissipates!
Your foxfire dissipates! x2
f - a scroll labelled IPNIPR PEODAMN
g - a silvery potion You now have 26 gold pieces (gained 15).
You now have 32 gold pieces (gained 6).
Found Great Wizards, Vol.
VII.
You see here Great Wizards, Vol.
VII.
Press: ? - help, v - describe, . - travel The floor.
You see here Great Wizards, Vol.
VII.
You see here Great Wizards, Vol.
VII.
Found a plate armour.
Are you sure you want to abandon this character and quit the game? (Confirm with "yes".)

..........>##.....#.##.#
..##......##...#..#..#.#
#......##.###.###.#.#
#......##...#)......#
#.......##.....#....#
#.......##.###.###..#
#.......##[ #..#....#
#.).....# #.#....##.#
##.###### #..@.#.##.#
#.....# #.##...##.#
#.....# #.##.####.#
#.....# #.##.####.###
####.....# #.##.#......#
.........# #.##.#.######
###......#####.##.#.#...#
....#.#........##.#.#.#.#
..###.........## #.#.#.#


There were no monsters in sight!

Vanquished Creatures
  2 ball pythons (D:1)
  A bat (D:1)
  4 endoplasms (D:1)
  A hobgoblin (D:1)
  2 quokkas (D:1)
  3 frilled lizards (D:1)
  5 goblins (D:1)
  2 kobolds (D:1)
  A rat (D:1)
21 creatures vanquished.

Vanquished Creatures (others)
  53 foxfires (D:1)
53 creatures vanquished.

Grand Total: 74 creatures vanquished

Notes
Turn   | Place    | Note
-------+----------+-------------------------------------------
     0 | D:1      | NinjaNoafa the Djinni Fire Elementalist began the quest for
                  | the Orb.
     0 | D:1      | Reached XP level 1. HP: 15/15 MP: 0/0
   292 | D:1      | Reached XP level 2. HP: 19/22 MP: 0/0
   419 | D:1      | Found a faded altar of an unknown god.
   817 | D:1      | Found Neis's Armour Shoppe.
   910 | D:1      | Reached skill level 1 in Fighting
   910 | D:1      | Reached XP level 3. HP: 25/27 MP: 0/0
   910 | D:1      | Learned a level 1 spell: Sting
  1287 | D:1      | Quit the game

Illustrated notes

Levels and vault maps discovered:
D:1:      nzn_arrival_settlement, layout_basic,
          dreamdust_ecumenical_altar_angels_and_demons, serial_shops,
          shop_statue, minmay_pentomino_t4

Skill      XL: |  1  2 |
---------------+-------+-----
Fighting       | 1 |  1.0
Dodging        | |  2.6
Stealth        | |  1.5
Spellcasting   | |  2.9

Action                   || total
-------------------------++-------
Melee: Whip              ||     3
 Cast: Foxfire           ||    30
       Scorch            ||     9
       Sting             ||     1
Armor: Robe              ||     3
Dodge: Dodged            ||     5

Table legend: (Time is in decaauts)
 A = Elapsed time spent in this place.
 B = Non-inter-level travel time spent in this place.
 C = Inter-level travel time spent in this place.
 D = Time resting spent in this place.
 E = Time spent auto-exploring this place.
 F = Levels seen in this place.
 G = Mean time per level.
                   A        B        C        D        E       F      G
               +--------+--------+--------+--------+--------+-----+--------+
         Total |   1286 |   1283 |      3 |      0 |   1087 |   1 | 1286.0 |
       Dungeon |   1286 |   1283 |      3 |      0 |   1087 |   1 | 1286.0 |
               +--------+--------+--------+--------+--------+-----+--------+

Top non-repeatable levels by time:
     D:1: 1286 daAuts
